 Dungeon Crawl Stone Soup version 0.26-a0-257-g47e9e61525 (webtiles) character file.

Game seed: 3848104487287481488

14882 Infinimo the Thaumaturge (level 11, -14/81 HPs)
             Began as a Mummy Earth Elementalist on July 10, 2020.
             Was an Initiate of Gozag.
             Demolished by a black mamba (17 damage)
             ... on level 2 of the Lair of Beasts.
             The game lasted 00:25:09 (20545 turns).

Infinimo the Thaumaturge (MuEE)                    Turns: 20545, Time: 00:25:09

Health: -14/81     AC: 11    Str: 11    XL:     11   Next: 94%
Magic:  0/25       EV: 12    Int: 18    God:    Gozag
Gold:   2172       SH:  0    Dex: 19    Spells: 17/30 levels left

rFire    . . .     SeeInvis +   j - +3 dagger (venom)
rCold    + + .     Faith    .   (no shield)
rNeg     + + +     Spirit   +   w - +2 robe {rC+ rF+}
rPois    ∞         Reflect  .   y - +2 helmet
rElec    .         Harm     .   a - +2 cloak
rCorr    .                      r - +0 pair of gloves
MR       +....                  (no boots)
Stlth    ++........             l - amulet of guardian spirit
HPRegen  0.23/turn              n - +6 ring of dexterity
MPRegen  0.19/turn              b - ring of see invisible

@: about to teleport, very slightly contaminated
A: no food or potions, fire vulnerability, cold resistance 1, negative energy
resistance 3, torment resistance, unbreathing
a: Potion Petition, Call Merchant, Bribe Branch, Renounce Religion


You were on level 2 of the Lair of Beasts.
You worshipped Gozag.
Gozag was most pleased with you.
You were not hungry.

You visited 3 branches of the dungeon, and saw 13 of its levels.
You also visited: Bailey.

You collected 2235 gold pieces.
You paid 63 gold pieces to Gozag.

Inventory:

Hand Weapons
 j - a +3 dagger of venom (weapon)
Missiles
 p - 72 stones (quivered)
Armour
 a - a +2 cloak (worn)
 r - a +0 pair of gloves (worn)
 w - a +2 robe of resistance (worn)
 y - a +2 helmet (worn)
Jewellery
 b - a ring of see invisible (right hand)
 l - an amulet of guardian spirit (around neck)
 n - a +6 ring of dexterity (left hand)
Wands
 h - a wand of iceblast (9)
 k - a wand of acid (17)
 m - a wand of disintegration (16)
 o - a wand of digging (5)
Scrolls
 c - 3 scrolls of fog
 d - 6 scrolls of identify
 e - a scroll of immolation
 g - 4 scrolls of amnesia
 q - 8 scrolls of remove curse
 s - a scroll of silence
 t - a scroll of teleportation
 x - a scroll of summoning {unknown}


   Skills:
 + Level 5.7 Fighting
 - Level 1.5 Dodging
 - Level 1.5 Stealth
 + Level 10.4 Spellcasting
 * Level 9.8 Conjurations
 - Level 0.7 Transmutations
 * Level 10.3 Earth Magic


You had 17 spell levels left.
You knew the following spells:

 Your Spells              Type           Power        Failure   Level
a - Sandblast             Erth           #####.       1%          1
b - Stone Arrow           Conj/Erth      #####.       1%          3
c - Petrify               Tmut/Erth      ####....     8%          4
d - Lee's Rapid Deconstr  Erth           #####.....   3%          5

Your spell library contained the following spells:

 Spells                   Type           Power        Failure   Level
 Foxfire                  Conj/Fire      ####         1%          1
 Passwall                 Tmut/Erth      ####....     1%          2
 Conjure Flame            Conj/Fire      ####....     3%          3
 Dazzling Flash           Conj/Hex       ####..       3%          3
 Mephitic Cloud           Conj/Pois/Air  ###.....     6%          3
 Corona                   Hex            #......      8%          1
 Blink                    Tloc           N/A          12%         2
 Ensorcelled Hibernation  Hex/Ice        #.....       12%         2
 Poisonous Vapours        Pois/Air       #.....       12%         2
 Confusing Touch          Hex            #.......     22%         3
 Tukima's Dance           Hex            #.......     22%         3
 Fireball                 Conj/Fire      ####......   28%         5
 Starburst                Conj/Fire      ####......   83%         6
 Agony                    Necr           #.......     91%         5
 Freezing Cloud           Conj/Ice/Air   ###.......   97%         6
 Simulacrum               Ice/Necr       #.........   100%        6
 Ring of Flames           Chrm/Fire      #.........   100%        7


Dungeon Overview and Level Annotations

Branches:
Dungeon (10/15)            Temple (1/1) D:6            Lair (2/6) D:10
    Orc (0/2) D:9          Bailey (visited)
  Swamp: Lair:2-4    Shoals: Lair:2-4     Snake: Lair:2-4    Spider: Lair:2-4

Altars:
Ashenzari
Cheibriados
Dithmenos
Elyvilon
Fedhas
Gozag
Hepliaklqana
Kikubaaqudgha
Makhleb
Nemelex Xobeh
Okawaru
Qazlal
Ru
Sif Muna
Trog
Uskayaw
Vehumet
Wu Jian
Xom
Yredelemnul
Zin
The Shining One

Shops:
D:6 !

Annotations:
Lair:2 Ucoruk's ghost, journeyman OpFi


Innate Abilities, Weirdness & Mutations

You do not eat or drink.
Your flesh is vulnerable to fire.
You are immune to poison.
Your flesh is cold resistant. (rC+)
You are immune to negative energy. (rN+++)
You are immune to unholy pain and torment.
You can survive without breathing.


Message History

* * * LOW HITPOINT WARNING * * *
The porcupine bites the plant!
The black mamba bites you!
* * * LOW HITPOINT WARNING * * *
The porcupine bites the plant!!
Blink to where?
Press: ? - help, Dir - move target cursor, p - black mamba You are very lightly contaminated with residual magic.
As you read the scroll of blinking, it crumbles to dust.
You hear an angry hiss.
Casting: Stone Arrow (safe; 1% risk of failure)
Confirm with . or Enter, or press ? or * to list all spells.
You don't have enough magic to cast that spell.
As you read the scroll of teleportation, it crumbles to dust.
You feel strangely unstable.
The black mamba rages. x2
The black mamba bites you.
* * * LOW HITPOINT WARNING * * *
The black mamba bites you!
You die...
Your body crumbles into a pile of gold.

#...## #P....#.##P.....
##..#### ##....####......
#..##.####....## #.......
##..............###P......
#P....PP......#...§.r.....
##...###.##..r...####©###.
#...## ####..#####..###©##
##...###.....#....#..t...#
#........@S.##...#...#....
##..........#......#.y##..
#...#####..#..##..©yF#.F.
#...## ##.#.....#.....#.
#...P# ##.##.##..=###...
##....# #...#....$??F.#..
#P...## #...##..##### .##
##...# ###..####.©.####.
#....### ##.............


You could see a black mamba (berserk) and a porcupine (berserk).

Vanquished Creatures
  A hydra (Lair:1)
  A two-headed ogre (D:8)
  A cane toad (Lair:2)
  4 komodo dragons
  A hornet (Lair:2)
  Grinder (D:3)
  6 hippogriffs
  A spriggan (Lair:2)
  A vampire (D:10)
  A wraith (D:10)
  2 basilisks (Lair:2)
  12 yaks
  Edmund (D:6)
  4 water moccasins
  5 porcupines
  8 orc warriors
  2 ice beasts (D:7)
  2 sky beasts
  2 black bears (D:10)
  An eye of draining (D:9)
  4 phantoms
  4 ogres
  27 wolves
  3 centaurs
  4 crocodiles
  2 big kobolds
  8 bullfrogs
  6 scorpions
  10 killer bees
  2 centaur zombies
  3 orc priests
  5 hounds
  6 orc wizards
  2 bullfrog skeletons
  Jessica (D:3)
  A centaur skeleton (D:10)
  6 worker ants
  11 adders
  8 gnolls
  A howler monkey skeleton (D:6)
  2 shadow imps
  2 white imps (D:7)
  3 ufetubi
  2 oozes (D:1)
  An adder skeleton (D:4)
  5 leopard geckos
  37 orcs
  5 giant cockroaches
  14 goblins
  12 hobgoblins
  17 jackals
  2 quokkas
  3 ball pythons
  15 bats
  3 frilled lizards
  10 kobolds
  A quokka zombie (D:6)
  6 rats
311 creatures vanquished.

Vanquished Creatures (others)
  56 fungi
  38 plants
94 creatures vanquished.

Grand Total: 405 creatures vanquished

Notes
Turn   | Place    | Note
-------+----------+-------------------------------------------
     0 | D:1      | Infinimo the Mummy Earth Elementalist began the quest for
                  | the Orb.
     0 | D:1      | Reached XP level 1. HP: 13/13 MP: 4/4
   367 | D:1      | Reached XP level 2. HP: 19/19 MP: 0/6
  1030 | D:1      | Reached XP level 3. HP: 13/24 MP: 7/7
  1041 | D:1      | Learned a level 3 spell: Stone Arrow
  1881 | D:2      | Found a bloodstained altar of Trog.
  2324 | D:3      | Found a stormy altar of Qazlal.
  2341 | D:3      | Found a burning altar of Makhleb.
  2350 | D:3      | Found a faded altar of an unknown god.
  2368 | D:3      | Reached skill level 1 in Conjurations
  2368 | D:3      | Reached XP level 4. HP: 14/30 MP: 9/9
  2954 | D:3      | Noticed Grinder
  2955 | D:3      | Noticed Jessica
  2963 | D:3      | Killed Grinder
  2963 | D:3      | Reached XP level 5. HP: 29/35 MP: 5/11
  2963 | D:3      | Reached XP level 6. HP: 34/41 MP: 5/12
  2991 | D:3      | Killed Jessica
  3832 | D:4      | Reached XP level 7. HP: 7/46 MP: 2/14
  4333 | D:4      | Reached skill level 5 in Spellcasting
  4651 | D:5      | Entered Level 5 of the Dungeon
  4952 | D:5      | Reached skill level 5 in Earth Magic
  5824 | D:5      | Found a shimmering blue altar of Sif Muna.
  5968 | D:6      | Found Caone Koc's Distillery.
  5988 | D:6      | Found a staircase to the Ecumenical Temple.
  6007 | Temple   | Entered the Ecumenical Temple
  6341 | Temple   | Became a worshipper of Gozag Ym Sagoz the Greedy
  6369 | D:6      | Reached XP level 8. HP: 44/52 MP: 9/16
  6950 | D:6      | Reached skill level 5 in Conjurations
  7014 | D:6      | Noticed Edmund
  7388 | D:6      | Killed Edmund
  7730 | D:7      | Noticed a hippogriff
  7741 | D:7      | Killed a hippogriff
  8058 | D:7      | Found a radiant altar of Vehumet.
  8089 | D:7      | Reached XP level 9. HP: 57/57 MP: 12/19
  8420 | D:7      | Identified Isobom's Reference Book on the Arsonist and
                  | Orientation
  9116 | D:8      | Got a fading leather armour
  9127 | D:8      | Identified the +0 leather armour of the Pirate {MP+9 SInv}
                  | (You found it on level 8 of the Dungeon)
  9769 | D:8      | Reached skill level 1 in Fighting
 10172 | D:8      | Noticed a two-headed ogre
 10180 | D:8      | Killed a two-headed ogre
 10180 | D:8      | Reached XP level 10. HP: 44/67 MP: 6/22
 12185 | D:9      | Found a staircase to the Orcish Mines.
 12662 | D:10     | Entered Level 10 of the Dungeon
 13240 | D:10     | Found a flagged portal.
 13249 | Bailey   | Entered a bailey
 13737 | Bailey   | Noticed an orc knight
 14322 | D:10     | Found a staircase to the Lair.
 14716 | D:10     | Reached XP level 11. HP: 75/77 MP: 2/24
 15805 | Lair:1   | Entered Level 1 of the Lair of Beasts
 15943 | Lair:1   | Identified the Tome of the Curious Demons
 16612 | Lair:1   | Noticed a seven-headed hydra
 16624 | Lair:1   | Learned a level 4 spell: Petrify
 16630 | Lair:1   | Learned a level 5 spell: Lee's Rapid Deconstruction
 16986 | Lair:1   | Killed a seven-headed hydra
 17223 | Lair:2   | Reached skill level 5 in Fighting
 17747 | Lair:2   | Reached skill level 10 in Spellcasting
 17810 | Lair:2   | Noticed a spriggan rider
 18135 | Lair:1   | Reached skill level 10 in Earth Magic
 18300 | Lair:2   | Found a transporter.
 18417 | Lair:2   | Found a transporter.
 18421 | Lair:2   | Noticed Ucoruk's ghost (journeyman OpFi)
 20545 | Lair:2   | HP: 3/81 [black mamba (4)]
 20545 | Lair:2   | Demolished by a black mamba

Illustrated notes

Levels and vault maps discovered:
D:1:      heliophobic_arrival_glass_houses, layout_basic, serial_park_tiny_1
D:2:      layout_basic, bloody_trog
D:3:      layout_rooms, grunt_qazlal_sundering,
          chequers_ecumenical_altar_simple_redux, bloody_makhleb, uniq_grinder,
          uniq_jessica
D:4:      layout_loops_ring, nrook_uturn
D:5:      layout_basic, first_ration, tgw_sif
D:6:      layout_cave_pools, minmay_temple_entry_large_hall, serial_shops,
          nicolae_shop_statue_plus, uniq_edmund
D:7:      layout_loops_ring, basic_altar
D:8:      layout_loops_cross
D:9:      layout_roguey, david_orc_4, serial_rivers,
          chequers_serial_rivers_small_b, chequers_serial_rivers_micro_d,
          chequers_serial_rivers_large_a, chequers_serial_rivers_micro_c,
          chequers_serial_rivers_micro_c
D:10:     old_forge, layout_irregular_city, due_lair_maze_entry_diamond,
          enter_bailey_6, serial_bayou_pond_e
Temple:   regret_index_temple_sigil_plot
Lair:1:   layout_hall_layers, chequers_serial_rivers_micro_a,
          chequers_serial_rivers_room_a, serial_bayou_shore_a
Lair:2:   layout_small_grid, gammafunk_ghost_berserking_beasts, st_stairs_12,
          minivault_27, grunt_forest_large_clearings

Skill      XL: |  1  2  3  4  5  6  7  8  9 10 11 |
---------------+----------------------------------+-----
Spellcasting   | 3 4 5 6 8 9 10 | 10.4
Earth Magic    | 3 4 5 6 8 9 10 | 10.3
Conjurations   | 1 2 3 4 5 7 8 9 |  9.8
Fighting       | 2 4 5 |  5.7
Dodging        | |  1.5
Stealth        | |  1.5
Transmutations | |  0.7

Action                   |  1- 3 |  4- 6 |  7- 9 | 10-12 || total
-------------------------+-------+-------+-------+-------++-------
Melee: Unarmed           |    49 |       |       |       ||    49
       Club              |    12 |       |       |       ||    12
       Dagger            |    99 |    23 |   151 |   135 ||   408
       Halberd           |       |    36 |       |       ||    36
 Cast: Sandblast         |    15 |    23 |   148 |   120 ||   306
       Stone Arrow       |       |       |    22 |   246 ||   268
       Lee's Rapid Decon |       |       |       |     6 ||     6
       Petrify           |       |       |       |     3 ||     3
  Use: Scroll            |     4 |     5 |     4 |     9 ||    22
 Stab: Sleeping          |     1 |       |     1 |       ||     2
       Distracted        |       |     1 |       |     2 ||     3
Armor: Robe              |    64 |    20 |    59 |    89 ||   232
       Leather armour    |       |       |     3 |       ||     3
Dodge: Dodged            |   165 |    57 |   162 |   179 ||   563

Table legend:
 A = Non-vault XP
 B = Vault XP
 C = Vault XP percentage of total XP
 D = Non-vault monster count
 E = Vault monster count
 F = Vault count percentage of total count
                 A         B        C        D         E       F
            +---------+---------+-------+---------+---------+-------
      Total |   14570 |    6691 |  31.5 |     201 |     110 |  35.4
            +---------+---------+-------+---------+---------+-------
        D:1 |      62 |       0 |   0.0 |      32 |       0 |   0.0
        D:2 |      21 |       0 |   0.0 |      11 |       0 |   0.0
        D:3 |      80 |     299 |  78.9 |      10 |       2 |  16.7
        D:4 |     352 |       0 |   0.0 |      10 |       0 |   0.0
        D:5 |     469 |       0 |   0.0 |      11 |       0 |   0.0
        D:6 |     785 |     158 |  16.8 |      20 |       1 |   4.8
        D:7 |    1285 |       0 |   0.0 |      29 |       0 |   0.0
        D:8 |    2051 |       0 |   0.0 |      24 |       0 |   0.0
        D:9 |    2208 |     711 |  24.4 |      17 |      16 |  48.5
       D:10 |    1905 |    1241 |  39.4 |      15 |      23 |  60.5
     Lair:1 |    2990 |     231 |   7.2 |      10 |       2 |  16.7
     Lair:2 |    2362 |    3390 |  58.9 |      12 |      27 |  69.2
     Bailey |       0 |     661 | 100.0 |       0 |      39 | 100.0
            +---------+---------+-------+---------+---------+-------
